 Dungeon Crawl Stone Soup version 0.30-a0-390-g80c34de65d (webtiles) character file.

Game seed: 9650685693638483219

232 zupo the Gusty (level 5, -12/40 HPs)
             Began as a Draconian Air Elementalist on Dec 5, 2022.
             Was a Believer of Elyvilon.
             Killed from afar by Pikel (16 damage)
             ... with an iceblast
             ... on level 3 of the Dungeon.
             The game lasted 00:30:04 (2848 turns).

zupo the Gusty (Draconian Air Elementalist)         Turns: 2848, Time: 00:30:05

Health: -12/40     AC:  6    Str: 12    XL:     5   Next: 73%
Magic:  1/8        EV: 12    Int: 15    God:    Elyvilon [**....]
Gold:   187        SH:  3    Dex: 12    Spells: 5/8 levels left

rFire   + . .      SeeInvis .    f - +4 flail (protect)
rCold   . . .      Faith    +    l - +0 buckler
rNeg    . . .      Spirit   .    (body armour unavailable)
rPois   .          Reflect  .    (helmet restricted)
rElec   .          Harm     .    (no cloak)
rCorr   .          Rampage  .    (no gloves)
Will    .....                    t - +0 pair of boots
Stlth   ++........               m - amulet of faith
HPRegen 0.26/turn                e - ring of protection from fire
MPRegen 0.11/turn                (no ring)

@: no status effects
A: AC +5, unfitting armour, cold-blooded
a: Renounce Religion, Purification, Heal Other


You were on level 3 of the Dungeon.
You worshipped Elyvilon.
Elyvilon was pleased with you.
You visited 1 branch of the dungeon, and saw 4 of its levels.

You collected 187 gold pieces.

Inventory:

Hand Weapons
 f - a +4 flail of protection (weapon)
 k - a +0 sling of flaming
Missiles
 b - 2 curare-tipped darts
 q - 6 atropa-tipped darts
Armour
 l - a +0 buckler (worn)
 t - a +0 pair of boots (worn)
Jewellery
 e - a ring of protection from fire (left hand)
 m - an amulet of faith (around neck)
Scrolls
 o - a scroll of fog
 r - 2 scrolls of teleportation
Potions
 a - a potion of magic
 c - 3 potions of mutation
 d - 2 potions of ambrosia
 g - a potion of flight {unknown}
 h - a potion of lignification {unknown}
 i - 2 potions of might
 j - a potion of haste {unknown}
 n - a potion of heal wounds {unknown}
 p - 2 potions of brilliance {unknown}


   Skills:
 + Level 1.1 Fighting
 + Level 3.2 Maces & Flails
 + Level 2.7 Dodging
 + Level 2.7 Stealth
 + Level 0.4 Shields
 + Level 2.3 Spellcasting
 + Level 1.1 Conjurations
 + Level 3.7 Air Magic


You had 5 spell levels left.
You knew the following spells:

 Your Spells              Type           Power      Damage    Failure   Level
a - Shock                 Conj/Air       36%        1d5       11%         1
b - Static Discharge      Conj/Air       18%        2-3/arc   16%         2

Your spell library contained the following spells:

 Spells                   Type           Power      Damage    Failure   Level
 Swiftness                Air            13%        N/A       19%         3
 Airstrike                Air            6%         2d(1-17)  52%         4


Dungeon Overview and Level Annotations

Branches:
Dungeon (4/15)             Temple (0/1) D:4

Altars:
Elyvilon
Wu Jian

Shops:
D:4 (

Annotations:
D:3 Pikel
D:4 Eustachio, Sigmund


Innate Abilities, Weirdness & Mutations

Your plain brown scales are hard. (AC +5)
You cannot fit into any form of body armour.
You are cold-blooded and may be slowed by cold attacks.


Message History

Pikel hits you with a +0 whip of flaming. x2
Pikel burns you.
You hit Pikel.
Pikel is moderately wounded.
Pikel says, "I just want to get paid!"
Pikel hits you but does no damage.
You sock Pikel!
Pikel is heavily wounded.
You block Pikel's attack.
You hit Pikel but do no damage.
Pikel is heavily wounded.
Pikel closely misses you.
Casting: Shock (safe; 11% risk of failure)
Confirm with . or Enter, or press ? or * to list all spells.
Aiming: Shock (safe; 11% risk of failure)
Press: ? - help, Shift-Dir - straight line The zap hits Pikel.
Pikel is severely wounded.
The zap hits Pikel but does no damage.
Pikel is severely wounded.
Pikel cracks his whip.
Pikel barely misses you.
You closely miss Pikel.
Pikel is severely wounded.
Pikel hits you with a +0 whip of flaming!
* * * LOW HITPOINT WARNING * * *
Pikel burns you.
* * * LOW HITPOINT WARNING * * *
Pikel hits you but does no damage. Pikel misses you.
A mysterious force pulls you upwards. The hatch slams shut behind you.
Pikel attacks as you move away!
Pikel hits you with a +0 whip of flaming.
Elyvilon protects you from harm! Pikel burns you.
* * * LOW HITPOINT WARNING * * *
Pikel zaps a wand.
The mass of ice explodes!
The iceblast engulfs you! Elyvilon protects you from harm!
Pikel zaps a wand.
The mass of ice explodes!
The iceblast engulfs you!
You die...

#....) ##.... #.).. ##########
#.... #........# #....
#........# #....
#########........#############
#>......'........'............
#.#######....@..K######...#...
#.# #........## ###.#... #.#
#.........# #.#... #.#
#.#######.# #.#... #.#
#.#.....#.# #.#... #.#
#.......#.# #.'...
###'#########.##....# ###...
#..†...........'....# ####
#......######.##...## #.


You could see Pikel.

Vanquished Creatures
  3 lemures (D:4)
  A phantom (D:4)
  A hound (D:4)
  5 adders
  A shadow imp (D:4)
  2 worms (D:2)
  2 dart slugs (D:1)
  An orc (D:4)
  6 endoplasms
  5 giant cockroaches
  7 goblins
  6 hobgoblins
  3 jackals (D:3)
  A quokka (D:1)
  8 ball pythons
  4 bats
  5 frilled lizards
  5 kobolds
  6 rats
72 creatures vanquished.

Vanquished Creatures (others)
  26 plants (D:4)
26 creatures vanquished.

Grand Total: 98 creatures vanquished

Notes
Turn   | Place    | Note
-------+----------+-------------------------------------------
     0 | D:1      | zupo the Draconian Air Elementalist began the quest for the
                  | Orb.
     0 | D:1      | Reached XP level 1. HP: 14/14 MP: 3/3
   334 | D:1      | Reached XP level 2. HP: 20/20 MP: 5/5
   887 | D:2      | Reached XP level 3. HP: 24/26 MP: 6/6
   937 | D:2      | Found a white marble altar of Elyvilon.
   945 | D:2      | Became a worshipper of Elyvilon the Healer
   949 | D:2      | Learned a level 2 spell: Static Discharge
  1059 | D:2      | Reached skill level 1 in Maces & Flails
  1429 | D:3      | Reached * piety under Elyvilon
  1563 | D:3      | Found an ornate altar of the Wu Jian Council.
  1569 | D:3      | Noticed a spectral centipede
  1569 | D:3      | Noticed a spectral black mamba
  1569 | D:3      | Noticed a spectral scorpion
  1569 | D:3      | Noticed a spectral cane toad
  1647 | D:3      | Reached XP level 4. HP: 34/34 MP: 7/7
  2313 | D:4      | Noticed a phantom
  2328 | D:4      | Killed a phantom
  2329 | D:4      | Reached skill level 1 in Fighting
  2329 | D:4      | Reached XP level 5. HP: 35/40 MP: 3/8
  2456 | D:4      | Noticed a lemure
  2457 | D:4      | Noticed a lemure
  2457 | D:4      | Noticed a lemure
  2497 | D:4      | Killed a lemure
  2676 | D:4      | Reached ** piety under Elyvilon
  2696 | D:4      | Noticed Sigmund
  2723 | D:4      | Noticed Eustachio
  2768 | D:4      | Found Vuvvan Cytea's Weapon Boutique.
  2785 | D:4      | Found a staircase to the Ecumenical Temple.
  2801 | D:4      | Noticed Pikel
  2809 | D:4      | Noticed a lemure
  2821 | D:4      | Killed a lemure
  2832 | D:4      | Killed a lemure
  2846 | D:3      | Elyvilon protects you from harm!
  2847 | D:3      | Elyvilon protects you from harm!
  2848 | D:3      | Killed from afar by Pikel

Illustrated notes

Levels and vault maps discovered:
D:1:      wheals_arrival_linesprint, layout_basic
D:2:      minmay_evil_eye, layout_basic, basic_altar
D:3:      layout_basic, pdpol_wu_jian_five_deadly_venoms
D:4:      layout_cave_pools, kennysheep_little_box,
          nicolae_uskayaw_murder_on_the_dancefloor, minmay_temple_entry_slanted,
          serial_shops, nicolae_shop_statue_plus, serial_bayou_pond_c,
          uniq_eustachio, uniq_sigmund, uniq_pikel

Skill      XL: |  1  2  3  4  5 |
---------------+----------------+-----
Dodging        | 2 |  2.7
Maces & Flails | 1 2 3 |  3.2
Stealth        | 2 |  2.7
Fighting       | 1 |  1.1
Shields        | |  0.4
Spellcasting   | |  2.3
Conjurations   | |  1.1
Air Magic      | |  3.7

Action                   |  1- 3 |  4- 6 || total
-------------------------+-------+-------++-------
Melee: Dagger            |     9 |       ||     9
       Flail             |    95 |   156 ||   251
       Tailslap          |    14 |    25 ||    39
       Unarmed           |     2 |       ||     2
 Cast: Shock             |     9 |    14 ||    23
  Use: Scroll            |     5 |     4 ||     9
 Stab: Sleeping          |     6 |     7 ||    13
Armor: Skin              |    35 |    36 ||    71
Dodge: Dodged            |    75 |    59 ||   134
Block: Buckler           |    12 |    14 ||    26

Table legend: (Time is in decaauts)
 A = Elapsed time spent in this place.
 B = Non-inter-level travel time spent in this place.
 C = Inter-level travel time spent in this place.
 D = Time resting spent in this place.
 E = Time spent auto-exploring this place.
 F = Levels seen in this place.
 G = Mean time per level.
                   A        B        C        D        E       F      G
               +--------+--------+--------+--------+--------+-----+--------+
         Total |   2939 |   2648 |    291 |      0 |      0 |   4 |  734.8 |
       Dungeon |   2939 |   2648 |    291 |      0 |      0 |   4 |  734.8 |
               +--------+--------+--------+--------+--------+-----+--------+

Top non-repeatable levels by time:
     D:3: 873 daAuts
     D:1: 872 daAuts
     D:2: 613 daAuts
     D:4: 579 daAuts
